 Dungeon Crawl Stone Soup version 0.29-a0-334-gb41bcbb86e (webtiles) character file.

Game seed: 8295894406969259382

422 spaghetti the Changer (level 6, 0/50 HPs)
             Began as a Deep Dwarf Transmuter on Apr 15, 2022.
             Succumbed to a gnoll's poison
             ... on level 4 of the Dungeon.
             The game lasted 00:06:09 (3615 turns).

spaghetti the Changer (Deep Dwarf Transmuter)       Turns: 3615, Time: 00:06:09

Health: 0/50       AC:  2    Str: 13    XL:     6   Next: 63%
Magic:  3/8        EV: 19    Int: 16    God:
Gold:   210        SH:  0    Dex: 18    Spells: 2/8 levels left

rFire   . . .      SeeInvis .     - Unarmed
rCold   + . .      Faith    .   (shield currently unavailable)
rNeg    . . .      Spirit   .   (body armour currently unavailable)
rPois   x          Reflect  .   (helmet currently unavailable)
rElec   .          Harm     .   (cloak currently unavailable)
rCorr   .          Rampage  .   (gloves currently unavailable)
Will    .....                   (boots currently unavailable)
Stlth   ++........              (no amulet)
HPRegen 0.00/turn               E - ring of protection from cold
MPRegen 0.11/turn               (no ring)

@: lethally poisoned (0 -> -6), spider-form, hasted, very quick
A: venomous fangs, damage resistance, heal wounds, tiny, sense surroundings 1,
no regeneration, (talons 1)
a: Heal Wounds, End Transformation


You were on level 4 of the Dungeon.
You were a venomous arachnid creature.
You visited 1 branch of the dungeon, and saw 4 of its levels.

You collected 210 gold pieces.


Innate Abilities, Weirdness & Mutations

You are a venomous arachnid creature.
You have poisonous fangs.
You are tiny and dextrous.
Your spellcasting is less reliable in this form.
Your armour is entirely melded.
You are incapable of wielding weapons or throwing items.
You are resistant to damage.
You can heal yourself by infusing magical energy.
You passively map a small area around you.
You do not regenerate.
((You have sharp toenails.))


   Skills:
 - Level 0.8 Fighting
 - Level 2.1 Dodging
 - Level 2.6 Unarmed Combat
 - Level 1.7 Spellcasting
 + Level 5.5 Transmutations
 + Level 2.9 Poison Magic


You had 2 spell levels left.
You knew the following spells:

 Your Spells              Type           Power      Damage    Failure   Level
a - Beastly Appendage     Tmut           38%        N/A       9%          1
b - Wereblood             Tmut           19%        N/A       11%         2
c - Spider Form           Tmut/Pois      14%        N/A       26%         3

Your spell library contained the following spells:

 Spells                   Type           Power      Damage    Failure   Level
 Shock                    Conj/Air       4%         1d3       43%         1
 Swiftness                Air            1%         N/A       75%         3
 Ice Form                 Ice/Tmut       10%        N/A       77%         4
 Airstrike                Air            0%         N/A       98%         4
 Malign Gateway           Summ/Tloc      0%         N/A       100%        7
 Summon Horrible Things   Summ           0%         N/A       100%        8

Inventory:

Hand Weapons
 d - a +0 dagger {short}
   (You took it off a goblin on level 2 of the Dungeon)
 e - a +0 dagger {short}
   (You took it off a goblin on level 2 of the Dungeon)
 j - a +0 hand axe {axe}
   (You found it on level 2 of the Dungeon)
 o - a +0 short sword {short}
   (You found it on level 2 of the Dungeon)
 t - a +0 whip {mace}
   (You found it on level 3 of the Dungeon)
 u - a +0 scythe {polearm}
   (You took it off Sigmund on level 3 of the Dungeon)
 x - a +0 whip {mace}
   (You found it on level 3 of the Dungeon)
 y - a +0 dagger {short}
   (You took it off an orc on level 3 of the Dungeon)
 z - a +0 club {mace}
   (You took it off an orc priest on level 3 of the Dungeon)
 A - a +0 whip {mace}
   (You took it off an orc on level 3 of the Dungeon)
 B - a +0 hand axe {axe}
   (You took it off an orc on level 3 of the Dungeon)
 C - a +0 dagger {short}
   (You took it off an orc on level 3 of the Dungeon)
Missiles
 f - 91 stones {throwing}
 i - 3 javelins {throwing}
Armour
 a - a +0 robe
 g - the +1 robe of Lust (melded) {Regen+}
   (You found it on level 2 of the Dungeon)

   Regen:     It increases your rate of health regeneration.
Magical Staves
 D - a staff of fire {!astaff}
   (You found it on level 3 of the Dungeon)
Jewellery
 E - a ring of protection from cold (left front leg)
   (You found it on level 3 of the Dungeon)
 F - a ring of fire
   (You found it on level 3 of the Dungeon)
Scrolls
 h - 2 scrolls of fog {unknown}
 k - a scroll of noise {unknown}
 l - 2 scrolls of amnesia {unknown}
 m - a scroll of identify {unknown}
 q - a scroll of acquirement {unknown}
 r - a scroll of torment {unknown}
 w - a scroll of teleportation {unknown}
Potions
 b - 2 potions of lignification {!q}
 c - a potion of haste {@q3}
 p - a potion of heal wounds {unknown}
 s - a potion of brilliance {unknown}
 v - a potion of magic {unknown}

Dungeon Overview and Level Annotations

Branches:
Dungeon (4/15)
 Temple: D:4-7

Altars:
Dithmenos
Wu Jian

Shops:
D:2

[ ### ## #.#####..###
#..))sg....# #.#####......
* #.# .#.## ## #.# # .#
#.# , <# #.# , .#######
*#.######### *
...........#.........#,,,,
...........#########.#


You could see a gnoll (extremely poisoned).


Message History

The gnoll hits you with a +0 whip.
You hit the gnoll but do no damage. 😮 MP[+1]
You hit the gnoll shaman.
The gnoll shaman is poisoned.
You hit the gnoll shaman.
The gnoll shaman hits you with a +0 whip! 😮 HP[-8]
You take 8 damage, and now have 26/50 hp.
You hit the gnoll shaman.
The gnoll shaman looks as sick as possible!
Your transformation is almost over.
The gnoll shaman completely misses you.
You hit the gnoll shaman but do no damage.
The gnoll shaman looks as sick as possible!
The gnoll shaman hits you with a +0 whip!
* * * LOW HITPOINT WARNING * * *
😨 HP[-8]
You take 8 damage, and now have 18/50 hp.
Unknown command.
You hit the gnoll shaman.
You feel a bit better.
You kill the gnoll shaman! 😨 HP[+3]
You regained 3 hp, and now have 21/50 hp.
You barely miss the gnoll.
You feel a bit better.
You kill the gnoll! 😨 HP[+1]
The gnoll hits you with a +0 flail. The gnoll completely misses you.
The gnoll hits you from afar with a +0 spear!
* * * LOW HITPOINT WARNING * * *
Items here: ))) [ †. 😨 HP[-5]
You take 5 damage, and now have 17/50 hp.
You hit the gnoll.
The gnoll is poisoned.
The gnoll barely misses you.
The gnoll hits you from afar with a +0 spear!
* * * LOW HITPOINT WARNING * * *
😱 HP[-8]
You take 8 damage, and now have 9/50 hp.
You feel better. The gnoll barely misses you. The gnoll completely misses you.
The gnoll barely misses you. 😨 HP[+5] MP[+1]
You regained 5 hp, and now have 14/50 hp.
You hit the gnoll.
The gnoll looks as sick as possible!
The gnoll misses you.
The gnoll hits you from afar with a +0 spear.
You bite the gnoll!
You feel a bit better.
You kill the gnoll!
Your transformation has ended.
The +1 robe of Lust {Regen+} unmelds from your body. 😨 HP[+3]
You regained 3 hp, and now have 17/50 hp.
Casting: Spider Form (dangerous; 12% risk of failure)
Confirm with . or Enter, or press ? or * to list all spells.
You turn into a venomous arachnid creature.
The +1 robe of Lust {Regen+} melds into your body.
You hiss as the wereblood boils in your veins!
The gnoll hits you from afar with a +0 spear.
* * * LOW HITPOINT WARNING * * *
😨 HP[-1] MP[-3]
You take 1 damage, and now have 16/50 hp.
You lost 3 mp, and now have 2/8 mp.
The gnoll hits you with a +0 spear.
* * * LOW HITPOINT WARNING * * *
The gnoll closely misses you.
Things that are here:
a +0 flail {mace}; a gnoll corpse; 😨 HP[-1]
You take 1 damage, and now have 15/50 hp.
You bite the gnoll!
The gnoll is poisoned.
Your primal bloodlust is almost over.
You feel a bit better.
You kill the gnoll!
The gnoll hits you from afar with a +0 spear of venom.
* * * LOW HITPOINT WARNING * * *
You are poisoned. 😨 HP[+1]
The gnoll completely misses you.
You see here a +0 spear {polearm}.
You barely miss the gnoll.
The gnoll hits you with a +0 spear of venom!
* * * LOW HITPOINT WARNING * * *
You are lethally poisoned! 😱 HP[-5]
You take 5 damage, and now have 11/50 hp.
You feel better. The gnoll barely misses you. 😨 HP[+7]
You regained 7 hp, and now have 18/50 hp.
You hit the gnoll.
The gnoll is poisoned.
The gnoll hits you with a +0 spear of venom!
* * * LOW HITPOINT WARNING * * *
You are lethally poisoned! 😨 HP[-5] MP[+1]
You take 5 damage, and now have 13/50 hp.
Unknown command.
You hit the gnoll.
The gnoll looks as sick as possible!
* * * LOW HITPOINT WARNING * * *
You feel extremely sick. The gnoll closely misses you. 😱 HP[-7]
You take 7 damage, and now have 6/50 hp.
It was a potion of haste.
You feel yourself speed up.
Your primal bloodlust has ended.
You die...

Skill      XL: |  1  2  3  4 |
---------------+-------------+-----
Transmutations | 2 3 4 5 |  5.5
Poison Magic   | 2 |  2.9
Fighting       | |  0.8
Dodging        | |  2.1
Unarmed Combat | |  2.6
Spellcasting   | |  1.7

Action                   |  1- 3 |  4- 6 || total
-------------------------+-------+-------++-------
Melee: Unarmed           |    59 |   105 ||   164
       Kick              |    10 |    12 ||    22
       Headbutt          |     7 |     6 ||    13
       Punch             |     2 |     1 ||     3
 Cast: Beastly Appendage |    16 |     9 ||    25
       Wereblood         |    11 |    15 ||    26
       Spider Form       |       |    11 ||    11
  Use: Potion            |     3 |     3 ||     6
Armor: Robe              |    10 |     6 ||    16
       Skin              |       |     3 ||     3
Dodge: Dodged            |    36 |    71 ||   107

Levels and vault maps discovered:
D:1:      scummos_arrival_simple_fountains, layout_basic
D:2:      layout_basic, serial_shops, nicolae_shop_statue_plus,
          grunt_ministairs_2, serial_park_tiny_2, kennysheep_boxes,
          uniq_terence, uniq_jessica
D:3:      layout_loops_ring, nicolae_dithmenos_shadow_blocks,
          amcnicky_altar_gilded, ebering_ecumenical_altar_hall, uniq_sigmund
D:4:      lemuel_castle_with_subvaults [lemuel_castle_interior_carwin_2],
          layout_basic, mainiacjoe_overflow_alcove_4

Notes
Turn   | Place    | Note
-------+----------+-------------------------------------------
     0 | D:1      | spaghetti the Deep Dwarf Transmuter began the quest for the
                  | Orb.
     0 | D:1      | Reached XP level 1. HP: 16/16 MP: 3/3
     0 | D:1      | magus.rc [v1.9.6]
    58 | D:1      | Reached skill level 2 in Transmutations
   229 | D:1      | Reached XP level 2. HP: 15/24 MP: 2/4
   232 | D:1      | Learned a level 2 spell: Wereblood
  1412 | D:2      | Noticed Terence
  1416 | D:2      | Reached skill level 3 in Transmutations
  1427 | D:2      | Killed Terence
  1428 | D:2      | Reached XP level 3. HP: 16/30 MP: 0/5
  1429 | D:2      | Gained mutation: You have claws for feet. [potion of
                  | mutation]
  1580 | D:2      | Noticed Jessica
  1589 | D:2      | Killed Jessica
  1590 | D:2      | Reached skill level 4 in Transmutations
  1590 | D:2      | Reached XP level 4. HP: 23/37 MP: 2/6
  1803 | D:2      | Identified the +1 robe of Lust {Regen+}
  1869 | D:2      | Learned a level 3 spell: Spider Form
  2225 | D:2      | Found Reminkay's Armour Shoppe.
  2513 | D:3      | You add the spells Malign Gateway and Summon Horrible
                  | Things to your library.
  2519 | D:3      | Found a faded altar of an unknown god.
  2544 | D:3      | Noticed Sigmund
  2582 | D:3      | Killed Sigmund
  2583 | D:3      | Reached skill level 5 in Transmutations
  2583 | D:3      | Reached skill level 2 in Poison Magic
  2583 | D:3      | Reached XP level 5. HP: 21/43 MP: 3/7
  2656 | D:3      | Found a shadowy altar of Dithmenos.
  2665 | D:3      | Reached XP level 6. HP: 26/50 MP: 2/8
  3058 | D:3      | Found an ornate altar of the Wu Jian Council.
  3426 | D:3      | You pick up a book of Air and begin reading...
  3426 | D:3      | You add the spells Shock, Swiftness and Airstrike to your
                  | library.
  3603 | D:4      | HP: 9/50 [gnoll/+0 spear (8)]
  3611 | D:4      | HP: 11/50 [gnoll/+0 spear of venom (5)]
  3615 | D:4      | Succumbed to a gnoll's poison

Vanquished Creatures
  Sigmund (D:3)
  A hound (D:3)
  An orc priest (D:3)
  A gnoll shaman (D:4)
  Jessica (D:2)
  Terence (D:2)
  4 gnolls (D:4)
  3 adders
  4 orcs (D:3)
  5 endoplasms
  2 giant cockroaches
  4 hobgoblins
  7 jackals
  A kobold (D:1)
  2 quokkas
  2 ball pythons
  A bat (D:1)
  3 frilled lizards
  6 goblins
  5 rats
55 creatures vanquished.

Table legend:
 A = Non-vault XP
 B = Vault XP
 C = Vault XP percentage of total XP
 D = Non-vault monster count
 E = Vault monster count
 F = Vault count percentage of total count
                 A         B        C        D         E       F
            +---------+---------+-------+---------+---------+-------
      Total |     291 |     312 |  51.7 |      50 |       5 |   9.1
            +---------+---------+-------+---------+---------+-------
        D:1 |      24 |       0 |   0.0 |      15 |       0 |   0.0
        D:2 |      38 |      73 |  65.8 |      17 |       4 |  19.0
        D:3 |     119 |     239 |  66.8 |      12 |       1 |   7.7
        D:4 |     110 |       0 |   0.0 |       6 |       0 |   0.0
            +---------+---------+-------+---------+---------+-------

Illustrated notes

Table legend:
 A = Kills in this place as a percentage of kills in entire the game.
 B = Kills by you in this place as a percentage of kills by you in the entire game.
 C = Kills by friends in this place as a percentage of kills by friends in the entire game.
 D = Other kills in this place as a percentage of other kills in the entire game.
 E = Experience gained in this place as a percentage of experience gained in the entire game.
 F = Experience gained in this place divided by the number of levels of this place that you have seen.
                   A       B       C       D       E      F
               +-------+-------+-------+-------+-------+----------------------
         Total | 100.0 | 100.0 |   N/A |   N/A | 100.0 | 150.8
       Dungeon | 100.0 | 100.0 |   N/A |   N/A | 100.0 | 150.8
               +-------+-------+-------+-------+-------+----------------------

Table legend: (Time is in decaauts)
 A = Elapsed time spent in this place.
 B = Non-inter-level travel time spent in this place.
 C = Inter-level travel time spent in this place.
 D = Time resting spent in this place.
 E = Time spent auto-exploring this place.
 F = Levels seen in this place.
 G = Mean time per level.
                   A        B        C        D        E       F      G
               +--------+--------+--------+--------+--------+-----+--------+
         Total |   3605 |   3534 |     71 |     82 |   2965 |   4 |  901.2 |
       Dungeon |   3605 |   3534 |     71 |     82 |   2965 |   4 |  901.2 |
               +--------+--------+--------+--------+--------+-----+--------+

Top non-repeatable levels by time:
     D:1: 1269 daAuts
     D:2: 1233 daAuts
     D:3: 943 daAuts
     D:4: 159 daAuts
